 Dungeon Crawl Stone Soup version 0.27-a0-1177-g245c70e1c0 (webtiles) character file.

Game seed: 8263313631744344209

438 polve the Distorting Demonspawn (level 6, -4/47 HPs)
             Began as a Demonspawn Abyssal Knight on May 16, 2021.
             Was a Believer of Lugonu.
             Splashed by a jelly's acid (10 damage)
             ... on level 4 of the Dungeon.
             The game lasted 00:05:52 (4737 turns).

polve the Distorting Demonspawn (DsAK)              Turns: 4737, Time: 00:05:52

Health: -4/47      AC: -7    Str: 14    XL:     6   Next: 69%
Magic:  10/11      EV: 11    Int: 19    God:    Lugonu [**....]
Gold:   88         SH:  4    Dex: 19    Spells: 5/5 levels left

rFire    . . .     SeeInvis .   b - +2 dagger (venom)
rCold    . . .     Faith    .   (no shield)
rNeg     . . .     Spirit   .   j - +0 leather armour
rPois    .         Reflect  .   (no helmet)
rElec    .         Harm     .   l - +0 cloak
rCorr    .         Rampage  .   (no gloves)
Will     .....                  (no boots)
Stlth    +.........             (no amulet)
HPRegen  0.15/turn              k - +6 ring of dexterity
MPRegen  0.12/turn              n - +6 ring of intelligence

@: corroded
A: large bone plates 1, demonic magic 1
a: Renounce Religion, Depart the Abyss, Bend Space


You were on level 4 of the Dungeon.
You worshipped Lugonu.
Lugonu was pleased with you.
You visited 1 branch of the dungeon, and saw 4 of its levels.
You visited the Abyss 1 time.

You collected 88 gold pieces.

Inventory:

Hand Weapons
 a - a +1 short sword
 b - a +2 dagger of venom (weapon)
Armour
 j - a +0 leather armour (worn)
 l - a +0 cloak (worn)
Jewellery
 k - a +6 ring of dexterity (left hand)
 n - a +6 ring of intelligence (right hand)
 r - a ring of protection from cold
Wands
 o - a wand of acid (9)
Scrolls
 c - a scroll of fog {unknown}
 e - 2 scrolls of vulnerability {unknown}
 f - 5 scrolls of identify {unknown}
 i - 3 scrolls of teleportation {unknown}
 p - a scroll of enchant armour {unknown}
Potions
 d - a potion of ambrosia {unknown}
 g - 3 potions of curing {unknown}
 h - 2 potions of heal wounds {unknown}
 m - a potion of degeneration {unknown}
 q - a potion of haste {unknown}


   Skills:
 - Level 3.0 Fighting
 - Level 4.0 Short Blades
 - Level 1.7 Armour
 - Level 0.8 Dodging
 + Level 7.9 Invocations


You had 5 spell levels left.
You didn't know any spells.
Your spell library was empty.

Dungeon Overview and Level Annotations

Branches:
Dungeon (4/15)
 Temple: D:4-7

Altars:

Shops:
D:1 !

Annotations:
D:4 1 runed translucent door, Crazy Yiuf


Innate Abilities, Weirdness & Mutations

You are partially covered in large bone plates. (SH +4)
Spells you cast may paralyse adjacent enemies.


Message History

The water moccasin skeleton bites you.
* * * LOW HITPOINT WARNING * * *
You hit the water moccasin skeleton.
The water moccasin skeleton is almost destroyed.
The water moccasin skeleton closely misses you.
You barely miss the water moccasin skeleton.
The water moccasin skeleton is almost destroyed.
You block the water moccasin skeleton's attack.
You hit the water moccasin skeleton.
You destroy the water moccasin skeleton!
Lugonu accepts your kill.
An orc comes into view. It is wielding a +0 falchion.
An orc is nearby!
There is an open door here.
You close the door.
A jelly comes into view.
The jelly quivers.
You see here a +0 dagger.
Unknown command.
You close the door.
You hear a slurping noise.
The jelly eats the door!
A jelly is nearby!
Your +2 dagger of venom begins to drip with poison!
b - a +2 dagger of venom (weapon)
You hit the jelly.
The jelly is poisoned.
Your hands burn!
The jelly is lightly wounded.
The jelly hits you but does no damage.
You hit the jelly. The acid corrodes you!
Your hands burn!
The jelly is moderately wounded.
The jelly hits you. The acid corrodes you!
You are splashed with acid!
You hit the jelly. The acid corrodes you!
Your hands burn!
* * * LOW HITPOINT WARNING * * *
The jelly is moderately wounded.
You block the jelly's attack.
The jelly jiggles.
Space bends around you!
You blink.
The jelly hits you.
* * * LOW HITPOINT WARNING * * *
You are splashed with acid!
You die...

###...#...### ..##
##.###. #.......######
..o' #.###.
#...###.#####..##..
#...#. # #..# #....)#+###
####...
##.###...†##...##+#..##.#
#..###..##.....##...)'.#
##.###+##[......#...)#.#
#.##..##)..8..)##..##.#
#.#$..@#.......##'###..
#.#.§J)##.....##..#####
#.##..#.##...##....# #
#..####..###†#'....# #
##...#...)##..##..## #
###.#....'....##### #
#.##..##....#...# #
#..######..##.#.# #
########......####..#.# #


You could see a jelly (poisoned).

Vanquished Creatures
  A black bear (D:4)
  A water moccasin skeleton (D:4)
  A howler monkey (D:4)
  A centaur zombie (D:3)
  A jelly (D:4)
  A scorpion zombie (D:4)
  An orc wizard (D:4)
  A hound skeleton (D:4)
  3 adders
  An ufetubus (D:4)
  2 adder skeletons (D:4)
  2 worms
  5 dart slugs
  3 orcs (D:4)
  8 bats
  8 endoplasms
  A giant cockroach (D:4)
  7 goblins
  7 hobgoblins
  4 quokkas
  7 ball pythons
  5 frilled lizards
  12 kobolds
  7 rats
90 creatures vanquished.

Notes
Turn   | Place    | Note
-------+----------+-------------------------------------------
     0 | Abyss:1  | polve the Demonspawn Abyssal Knight began the quest for the
                  | Orb.
     0 | Abyss:1  | Reached XP level 1. HP: 18/18 MP: 2/2
     1 | Abyss:1  | Noticed a green draconian
    27 | Abyss:1  | Noticed a wretched star
    31 | D:1      | Escaped the Abyss
   371 | D:1      | Gained mutation: Spells you cast may paralyse adjacent
                  | enemies. [demonic ancestry]
   371 | D:1      | Reached XP level 2. HP: 19/24 MP: 3/3
   472 | D:1      | Reached * piety under Lugonu
   563 | D:1      | Found Coom's Distillery.
  1396 | D:2      | Reached XP level 3. HP: 23/29 MP: 4/4
  2433 | D:3      | Reached ** piety under Lugonu
  2439 | D:3      | Reached XP level 4. HP: 28/35 MP: 5/5
  2705 | D:3      | Reached skill level 3 in Invocations
  3237 | D:4      | Found a runed translucent door.
  3238 | D:4      | Noticed Crazy Yiuf
  3273 | D:4      | Reached skill level 4 in Invocations
  3294 | D:4      | Reached XP level 5. HP: 4/41 MP: 8/8
  3613 | D:4      | Noticed a black bear
  3628 | D:4      | Killed a black bear
  3629 | D:4      | Reached skill level 6 in Invocations
  3977 | D:4      | Gained mutation: You are partially covered in large bone
                  | plates. (SH +4) [demonic ancestry]
  3977 | D:4      | Reached XP level 6. HP: 42/47 MP: 10/10
  4474 | D:4      | Reached skill level 7 in Invocations
  4737 | D:4      | Splashed by a jelly's acid

Illustrated notes

Levels and vault maps discovered:
D:1:      erik_arrival_triangle_medium, layout_basic, serial_shops,
          nicolae_shop_statue_plus, serial_bayou_pond_a, minmay_misc_feat_rows
D:2:      layout_rooms
D:3:      layout_loops_ring, serial_glass, glass_columns_a, glass_columns_a,
          glass_columns_a, glass_columns_a, minmay_misc_feat_cross
D:4:      minmay_bubble_buster, layout_basic, nemelex_diamond_rough_becter,
          grunt_dithmenos_smoke, minmay_misc_feat_secret_circle,
          uniq_crazy_yiuf_cottage

Skill      XL: |  1  2  3  4  5  6 |
---------------+-------------------+-----
Short Blades   | 2 3 4 |  4.0
Invocations    | 4 6 7 |  7.9
Fighting       | |  3.0
Armour         | |  1.7
Dodging        | |  0.8

Action                   |  1- 3 |  4- 6 || total
-------------------------+-------+-------++-------
Melee: Short sword       |   150 |    58 ||   208
       Dagger            |    21 |   150 ||   171
Invok: Depart the Abyss  |     1 |       ||     1
       Bend Space        |       |     1 ||     1
 Stab: Sleeping          |     1 |     3 ||     4
Armor: Leather armour    |    61 |    49 ||   110
Dodge: Dodged            |   114 |    99 ||   213
Block: Other             |       |    18 ||    18

Table legend: (Time is in decaauts)
 A = Elapsed time spent in this place.
 B = Non-inter-level travel time spent in this place.
 C = Inter-level travel time spent in this place.
 D = Time resting spent in this place.
 E = Time spent auto-exploring this place.
 F = Levels seen in this place.
 G = Mean time per level.
                   A        B        C        D        E       F      G
               +--------+--------+--------+--------+--------+-----+--------+
         Total |   4685 |   4599 |     86 |      0 |   3838 |   5 |  937.0 |
       Dungeon |   4654 |   4568 |     86 |      0 |   3837 |   4 | 1163.5 |
         Abyss |     31 |     31 |      0 |      0 |      1 |   1 |   31.0 |
               +--------+--------+--------+--------+--------+-----+--------+

Top non-repeatable levels by time:
     D:4: 1486 daAuts
     D:1: 1313 daAuts
     D:2: 946 daAuts
     D:3: 909 daAuts
 Abyss:1: 31 daAuts
